Map: 2000 Atmospheres LE

Players

CiTiZiN - Winner!

  • Race: Zerg Zerg
  • League: Diamond

Victor

  • Race: Terran Terran
  • League: Diamond

VOD

Have the link to the VOD?

Description

Time

  • Played on: Nov. 15, 2021, 6:27 p.m.
  • Length: 19:46
Show
View Real Time Build Order
Export as new Build Order

CiTiZiN Zerg - Winner!

Build Orders: Hatch First, Lurkers 

Get SALT Encoding   

  12  0:02  Drone  
  13  0:13  Overlord  
  13  0:17  Drone  
  14  0:33  Drone x2  
  16  0:49  Hatchery  
  15  0:52  Drone  
  15  0:56  Drone  
  17  1:01  Drone  
  18  1:11  Extractor  
  18  1:15  Spawning Pool  
  18  1:17  Drone  
  17  1:20  Drone  
  18  1:29  Drone  
  19  1:41  Drone  
  20  1:53  Overlord  
  20  2:02  Queen x2  
  20  2:03  Zergling x2  
  20  2:04  Zergling x2  
  26  2:15  Metabolic Boost  
  26  2:17  Drone x2  
  28  2:27  Drone x2  
  30  2:36  Hatchery  
  29  2:41  Drone  
  29  2:44  Overlord  
  30  2:52  Drone x2  
  30  2:56  Drone x2  
  34  3:07  Drone x2  
  36  3:13  Overlord  
  36  3:15  Drone x2  
  37  3:26  Drone x2, Queen x2  
  43  3:36  Drone  
  43  3:37  Drone  
  45  3:47  Overlord  
  45  3:50  Zergling x10  
  45  3:51  Zergling x4  
  52  4:02  Overlord  
  52  4:07  Queen  
  52  4:08  Queen  
  56  4:14  Baneling Nest  
  56  4:15  Evolution Chamber  
  54  4:24  Drone  
  54  4:25  Drone x10  
  54  4:27  Overlord x2  
  65  4:45  Queen  
  65  4:47  Lair  
  67  4:55  Drone x3  
  67  4:56  Drone  
  67  4:57  Overlord x2  
  68  5:09  Zergling x2  
  68  5:10  Zergling x8  
  65  5:33  Drone x3  
  65  5:35  Extractor  
  67  5:37  Extractor  
  67  5:38  Extractor, Drone x5  
  67  5:39  Drone  
  67  5:40  Extractor  
  67  5:41  Extractor, Drone x3  
  67  5:42  Drone x2  
  74  5:53  Drone x3  
  77  5:58  Drone  
  77  6:00  Hatchery  
  77  6:01  Zerg Melee Weapons Level 1  
  77  6:04  Evolution Chamber, Drone x2  
  79  6:06  Drone  
  79  6:08  Drone x3  
  79  6:09  Drone  
  83  6:14  Spore Crawler, Drone  
  83  6:15  Drone  
  84  6:20  Zergling x10  
  89  6:26  Centrifugal Hooks  
  89  6:29  Queen  
  89  6:30  Queen  
  93  6:36  Hatchery  
  92  6:42  Pneumatized Carapace  
  92  6:43  Overlord x2  
  92  6:44  Overlord  
  92  6:48  Hydralisk Den  
  92  6:50  Drone x7  
  98  6:57  Overseer  
  98  6:59  Overlord  
  98  7:00  Overlord  
  98  7:06  Zergling x12  
  98  7:07  Zergling x12  
  110  7:15  Drone x2, Spine Crawler  
  111  7:16  Spine Crawler  
  109  7:27  Zergling x2  
  109  7:28  Zergling x10  
  115  7:30  Baneling x14  
  115  7:34  Zergling x8  
  100  7:44  Zergling x16  
  96  7:52  Zergling x4  
  93  7:59  Zergling x6  
  87  8:06  Zergling x6  
  83  8:13  Baneling x10  
  83  8:21  Extractor  
  83  8:22  Zergling x12  
  83  8:24  Baneling x6  
  83  8:25  Queen  
  90  8:30  Zergling x4  
  90  8:31  Zergling x8  
  90  8:32  Overseer  
  94  8:52  Overseer  
  94  8:53  Zergling x2  
  94  8:54  Zergling x32  
  111  9:04  Zergling x4  
  111  9:05  Zergling x10  
  86  9:38  Muscular Augments  
  85  9:40  Infestation Pit  
  85  9:41  Lurker Den  
  85  9:42  Baneling x2  
  85  9:43  Zergling x2, Baneling x12  
  85  9:44  Zergling x40  
  99  9:56  Zerg Melee Weapons Level 2  
  99  9:57  Zerg Missile Weapons Level 1  
  99  9:58  Zergling x4  
  99  9:59  Zergling x14  
  108  10:11  Overseer x2  
  108  10:17  Drone x3, Queen  
  108  10:19  Drone  
  108  10:20  Drone x4  
  118  10:21  Overlord x3  
  118  10:22  Overlord  
  118  10:28  Overlord x2  
  118  10:49  Grooved Spines  
  98  11:11  Hive  
  98  11:15  Hydralisk x15  
  98  11:16  Hydralisk x4  
  124  11:40  Hatchery  
  124  11:41  Drone x8  
  114  12:02  Overlord  
  104  12:16  Lurker  
  104  12:17  Lurker x13  
  118  12:34  Adaptive Talons  
  118  12:37  Drone x8  
  97  13:19  Zergling x40  
  109  13:20  Zergling x8  
  109  13:31  Drone, Seismic Spines  
  109  13:32  Drone x6  
  116  13:39  Overseer  
  74  13:59  Hydralisk x6  
  74  14:00  Hydralisk x2  
  90  14:14  Zerg Melee Weapons Level 3  
  90  14:15  Zerg Missile Weapons Level 2  
  90  14:19  Zergling x12  
  96  14:25  Lurker x5  
  96  14:26  Lurker  
  96  14:28  Lurker  
  96  14:29  Lurker  
  103  14:52  Zergling x2  
  104  14:53  Zergling x36  
  116  15:22  Drone x4  
  116  15:28  Zergling x18  
  121  15:33  Hatchery  
  121  15:35  Hydralisk x6  
  136  16:01  Zergling x16  
  140  16:04  Overlord x3  
  125  16:33  Lurker  
  125  16:34  Lurker x5  
  130  17:01  Hydralisk x9, Hatchery  
  98  17:38  Hatchery  
  98  17:41  Zergling x8  
  98  17:42  Zergling x32  
  114  18:03  Hydralisk x7  
  100  18:17  Lurker x7  
  101  18:20  Hydralisk  
  101  18:21  Hydralisk x7  
  103  18:29  Overlord  
  103  18:32  Burrow  
  88  18:34  Extractor  
  88  18:35  Extractor  
  88  18:37  Lurker  
  88  18:38  Hydralisk x3, Lurker x2  
  95  18:52  Drone  
  95  18:53  Drone x7  
  103  19:04  Lurker x5  
  103  19:05  Lurker x2  
  103  19:06  Lurker  
Show
View Real Time Build Order
Export as new Build Order

Victor Terran 

Build Orders: Liberator Opening, Reaper Expand 

Get SALT Encoding   

  12  0:00  SCV  
  13  0:12  SCV  
  14  0:16  Supply Depot  
  14  0:24  SCV  
  15  0:38  SCV  
  15  0:40  Barracks  
  16  0:44  Refinery  
  16  0:50  SCV  
  17  1:02  SCV  
  18  1:17  SCV  
  19  1:28  Reaper  
  19  1:29  Orbital Command  
  20  1:39  Command Center  
  20  1:50  Supply Depot  
  20  1:54  SCV  
  20  1:59  Marine  
  22  2:06  SCV  
  23  2:10  Factory  
  23  2:17  Refinery  
  23  2:19  SCV  
  24  2:26  Barracks Reactor  
  24  2:37  SCV  
  25  2:51  SCV  
  25  2:55  Starport  
  26  3:12  Orbital Command  
  26  3:13  Barracks Tech Lab  
  26  3:19  SCV  
  27  3:22  Hellion x2  
  27  3:24  Supply Depot  
  31  3:31  SCV  
  31  3:33  Liberator, Marine  
  36  3:38  SCV  
  37  3:43  Supply Depot, SCV  
  38  3:50  SCV, Hellion x2  
  38  3:51  Marine  
  38  3:53  Stimpack  
  38  3:55  SCV  
  45  4:02  SCV  
  46  4:03  Supply Depot  
  46  4:05  Supply Depot  
  46  4:07  SCV  
  47  4:10  Marine  
  47  4:14  Hellion x2  
  52  4:24  SCV x2  
  52  4:29  Command Center  
  54  4:35  Marine  
  54  4:36  SCV  
  54  4:37  SCV  
  57  4:43  Starport Reactor  
  57  4:47  Factory Tech Lab  
  57  4:48  Supply Depot  
  57  4:49  SCV x2  
  59  4:54  Barracks x2  
  59  5:11  SCV x2  
  52  5:25  SCV x2  
  57  5:28  Siege Tank  
  57  5:31  Refinery x2  
  57  5:32  Engineering Bay  
  57  5:33  Engineering Bay  
  57  5:37  Starport Reactor  
  57  5:38  SCV x2, Combat Shield  
  59  5:43  Orbital Command  
  59  5:46  Marine  
  59  5:47  Marine  
  61  5:50  SCV x2  
  61  5:53  Marine x3  
  66  5:59  Terran Infantry Armor Level 1, Terran Infantry Weapons Level 1  
  66  6:01  Siege Tank  
  66  6:02  SCV x2  
  71  6:04  Marine x2  
  71  6:11  Marine x3  
  74  6:12  Orbital Command  
  74  6:15  SCV x2  
  78  6:22  Marine x2  
  80  6:27  SCV  
  80  6:28  SCV, Marine  
  80  6:29  Marine x2  
  80  6:32  Supply Depot, Sensor Tower  
  85  6:33  Supply Depot, Missile Turret  
  85  6:35  Supply Depot  
  85  6:45  Marine x2  
  85  6:46  Marine  
  88  6:47  Marine  
  88  6:48  Medivac x2  
  88  6:50  Siege Tank  
  97  6:54  SCV x3  
  99  7:06  Marine  
  99  7:07  Marine x3  
  103  7:12  SCV x3  
  103  7:14  Factory, Barracks  
  106  7:15  Barracks  
  106  7:18  Armory  
  99  7:44  Marine  
  99  7:45  Medivac x2, Marine x4, Siege Tank  
  96  8:02  Marine x5  
  88  8:17  Factory Reactor, Siege Tank  
  88  8:18  Barracks Tech Lab x2  
  91  8:20  Marine x5  
  91  8:22  Terran Infantry Weapons Level 2, Terran Infantry Armor Level 2  
  91  8:23  Refinery  
  91  8:24  Refinery  
  91  8:25  Command Center  
  96  8:37  Marine  
  96  8:38  Marine x3  
  100  8:46  Marine  
  102  8:48  Marauder x2  
  102  8:49  Siege Tank  
  102  8:52  Drilling Claws  
  102  8:55  Marine, Terran Vehicle And Ship Armor Level 1  
  105  8:56  Marine, Marauder  
  92  9:29  SCV x2  
  93  9:31  Marine  
  93  9:32  Marine x6  
  93  9:33  Medivac x2, Widow Mine x3  
  109  9:49  Marine  
  109  9:50  Marine x6  
  116  9:53  SCV x3  
  116  9:54  Widow Mine x2  
  116  9:58  Supply Depot  
  116  9:59  Supply Depot, Missile Turret  
  125  10:00  Supply Depot, Widow Mine  
  125  10:07  Marine x4  
  125  10:08  Marine x3  
  132  10:16  Widow Mine x2  
  136  10:22  Planetary Fortress  
  136  10:24  Widow Mine  
  136  10:25  Marine x4  
  136  10:26  SCV x2, Marauder x3  
  150  10:37  Widow Mine x2  
  150  10:39  Barracks  
  150  10:40  Medivac x2, Barracks  
  158  10:43  Marine x4  
  158  10:45  Sensor Tower  
  158  10:47  Marauder  
  164  10:56  Marine x2  
  162  11:00  Marine  
  162  11:03  Marine  
  162  11:04  Marine x2, Siege Tank  
  157  11:05  Widow Mine x2  
  164  11:13  Marauder  
  163  11:18  Marine  
  163  11:20  Supply Depot, Marauder x2  
  163  11:21  Supply Depot, Marine x3  
  163  11:23  Supply Depot  
  158  11:26  Widow Mine  
  155  11:34  Marauder  
  155  11:36  Marine, Siege Tank  
  155  11:37  SCV x3  
  164  11:40  Refinery  
  164  11:41  Refinery  
  164  11:42  Marine x3, Marauder  
  167  11:56  Marauder  
  167  12:00  Marauder  
  163  12:02  Marine  
  163  12:03  Marine  
  163  12:04  Marauder  
  167  12:08  Siege Tank  
  167  12:12  Widow Mine x2  
  166  12:17  Marauder  
  166  12:21  SCV x3, Marauder  
  166  12:22  Terran Vehicle Weapons Level 1, Terran Infantry Weapons Level 3  
  173  12:25  Marauder  
  172  12:31  Medivac x2  
  172  12:32  Barracks Tech Lab  
  172  12:33  Barracks Reactor  
  176  12:38  Marauder  
  176  12:41  Siege Tank  
  181  12:53  Marine, Marauder x3  
  188  13:00  Marine x2  
  188  13:01  Marine, Marauder  
  188  13:02  Widow Mine x2  
  142  13:11  Marine  
  124  13:13  Siege Tank  
  124  13:18  Marine  
  121  13:31  Marine, Marauder x4  
  121  13:32  Marine x3  
  133  13:36  Factory  
  133  13:45  Siege Tank  
  131  13:52  Marauder  
  131  13:55  Marine x6, Marauder x3  
  128  14:01  Sensor Tower  
  133  14:03  Command Center, Missile Turret  
  133  14:05  Widow Mine x2  
  133  14:09  SCV x4  
  141  14:12  Marine  
  141  14:13  Marine x5  
  141  14:14  Marauder  
  141  14:15  Marine  
  141  14:16  Marine, Marauder  
  153  14:17  Siege Tank  
  153  14:21  SCV x4  
  160  14:30  Marine  
  161  14:33  SCV x3  
  161  14:34  Marauder x2  
  161  14:35  Marauder  
  161  14:36  Missile Turret  
  170  14:43  Terran Infantry Armor Level 3, Terran Vehicle Weapons Level 2  
  170  14:52  Factory Tech Lab  
  172  14:53  Marine x6, Marauder  
  172  14:55  Marauder x2  
  172  14:56  Marauder  
  144  15:21  Marine, Marauder x2  
  144  15:22  Marine x6, Marauder  
  144  15:23  Siege Tank x2  
  161  15:39  Marine  
  161  15:40  Marine x2, Marauder  
  168  15:43  Marauder x3  
  172  16:02  Marauder  
  175  16:04  Marauder x2  
  172  16:20  Planetary Fortress  
  172  16:28  Command Center, Refinery  
  172  16:39  Barracks Tech Lab x2  
  152  17:28  Marine x5, Siege Tank  
  152  17:29  Marauder x4  
  138  17:32  Marine  
  128  17:40  Siege Tank  
  128  17:42  Orbital Command  
  129  17:46  Marine x3  
  129  17:50  Marauder x4  
  127  18:00  Siege Tank  
  128  18:11  Marauder x4  
  90  18:21  Marine  
  91  18:33  Marauder x4  
  99  18:34  Marine, Missile Turret  
  99  18:35  Marine x4  
  99  18:36  Sensor Tower, Siege Tank  
  99  18:38  Siege Tank  
  99  18:39  Marine  
  111  18:52  Marine  
  111  18:53  Marine x4, Sensor Tower  
  111  18:54  Marauder x4  
  124  18:57  Marine  
  124  18:58  Medivac x2  
  124  19:00  SCV, Sensor Tower  
  131  19:08  Siege Tank  
Tags
 
Add a new tag
Caveats
  • Supply blocks, unpowered buildings, or Contaminate may cause inaccurate times.
  • Supply counts are checked every 10 seconds.